 Dungeon Crawl Stone Soup version 0.31-a0-859-g9dce7d3444 (webtiles) character file.

Game seed: 12145394452651910225

420 Agrostarius the Chopper (level 6, -5/56 HPs)
             Began as a Hill Orc Berserker on Oct 9, 2023.
             Was a Believer of Trog.
             Succumbed to a water moccasin's poison
             ... on level 5 of the Dungeon.
             The game lasted 00:08:51 (3495 turns).

Agrostarius the Chopper (Hill Orc Berserker)        Turns: 3495, Time: 00:08:51

Health: -5/56      AC: 10    Str: 22    XL:     6   Next: 94%
Magic:  6/6        EV:  9    Int:  7    God:    Trog [**....]
Gold:   358        SH:  5    Dex: 10    Spells: 5/5 levels left

rFire   . . .        j - +0 long sword
rCold   . . .        (no shield)
rNeg    . . .        E - +0 chain mail
rPois   .            F - +0 helmet
rElec   .            (no cloak)
rCorr   .            (no gloves)
SInv    .            (no boots)
Will    .....        u - amulet of reflection Stlth
                     (no ring)
HPRegen 0.29/turn    (no ring)
MPRegen 0.10/turn

%: reflection
@: lethally poisoned (-5 -> -27)
A: no striking features
a: Renounce Religion, Berserk, Trog's Hand


You were on level 5 of the Dungeon.
You worshipped Trog.
Trog was pleased with you.
You visited 1 branch of the dungeon, and saw 5 of its levels.

You collected 358 gold pieces.

Inventory:

Hand Weapons
 a - a +0 hand axe
 j - a +0 long sword (weapon)
 r - a +0 vampiric whip
Missiles
 s - 7 poisoned darts (quivered)
 y - 5 curare-tipped darts
 D - 3 boomerangs
Armour
 b - a +0 animal skin
 p - a +0 leather armour
 E - a +0 chain mail (worn)
 F - a +0 helmet (worn)
Magical Staves
 h - a staff of air
 t - a staff of conjuration
Jewellery
 u - an amulet of reflection (around neck)
 A - a +6 ring of intelligence
Scrolls
 d - a scroll of vulnerability {unknown}
 e - 2 scrolls of amnesia {unknown}
 f - 2 scrolls of revelation {unknown}
 g - a scroll of fear {unknown}
 i - 5 scrolls of identify {unknown}
 k - 2 scrolls of teleportation {unknown}
 m - a scroll of enchant armour {unknown}
 n - 2 scrolls of summoning {unknown}
 o - a scroll of fog {unknown}
 q - a scroll of immolation {unknown}
 G - a scroll of poison {unknown}
Potions
 c - 2 potions of invisibility {unknown}
 l - a potion of degeneration {unknown}
 v - a potion of curing {unknown}
 w - 2 potions of haste {unknown}
 x - a potion of heal wounds {unknown}
 z - 2 potions of resistance {unknown}
 B - a potion of attraction {unknown}
 C - a potion of might {unknown}


   Skills:
 + Level 5.2 Fighting
 + Level 1.1 Long Blades
 - Level 6.6 Axes
 + Level 0.1 Throwing
 + Level 3.7 Armour
 - Level 2.7 Dodging
 - Level 0.9 Stealth
 + Level 0.7 Shields


You had 5 spell levels left.
You didn't know any spells.
Your spell library contained the following spells:

 Spells                   Type           Power      Damage    Failure   Level
 Gell's Gravitas          Tloc           0%         N/A       100%        3
 Mephitic Cloud           Conj/Pois/Air  0%         N/A       100%        3
 Teleport Other           Tloc           0%         N/A       100%        3
 Agony                    Necr           0%         N/A       100%        5
 Dispersal                Tloc           0%         N/A       100%        6
 Maxwell's Capacitive Co  Air            0%         ∞         100%        8


Dungeon Overview and Level Annotations

Branches:
Dungeon (5/15)
 Temple: D:4-7

Altars:
Fedhas
Hepliaklqana
Kikubaaqudgha
Uskayaw


Message History

You block the water moccasin's attack.
You slash the water moccasin!
The water moccasin is heavily wounded.
The water moccasin bites you but does no damage.
You block the water moccasin's attack.
You slash the water moccasin!
The water moccasin is severely wounded.
The water moccasin bites you but does no damage. x2
You closely miss the water moccasin.
The water moccasin is severely wounded.
The water moccasin closely misses you. The water moccasin bites you.
You are poisoned.
The water moccasin poisons you!
You miss the water moccasin.
The water moccasin is severely wounded.
You feel very sick. The water moccasin barely misses you.
The water moccasin bites you.
You are more poisoned.
The water moccasin poisons you!
You closely miss the water moccasin.
The water moccasin is severely wounded.
You feel extremely sick. You block the water moccasin's attack.
The water moccasin bites you but does no damage.
You barely miss the water moccasin.
The water moccasin is severely wounded.
* * * LOW HITPOINT WARNING * * *
You feel very sick. The water moccasin bites you.
* * * LOW HITPOINT WARNING * * *
You are more poisoned.
The water moccasin poisons you!
You closely miss the water moccasin.
The water moccasin is severely wounded.
* * * LOW HITPOINT WARNING * * *
You feel extremely sick. The water moccasin closely misses you.
You block the water moccasin's attack.
You closely miss the water moccasin.
The water moccasin is severely wounded.
You die...

..######.>...#
........>....#..
.............#..
#.###.#####'##.(
#'###+####..##..###
....#....)..# ....# .
....+.......# ... .
#######.###.# #S# .#
#######>###+####@##.#
.....#..............#
.....#..............#
.....#..............#
.....#..............#
.....#..............#
###..##..###..###...#
#####..# #..# ####
.....#.....


You could see a water moccasin.

Vanquished Creatures
  An ogre (D:5)
  A phantom (D:5)
  Jessica (D:3)
  An iguana (D:5)
  An orc wizard (D:5)
  A sleepcap (D:4)
  8 adders
  An adder zombie (D:3)
  A worm (D:3)
  3 dart slugs
  7 orcs
  6 bats
  6 endoplasms
  2 giant cockroaches
  6 hobgoblins
  5 kobolds
  4 quokkas
  7 ball pythons
  A ball python skeleton (D:3)
  2 frilled lizards (D:3)
  5 goblins
  4 rats
74 creatures vanquished.

Notes
Turn   | Place    | Note
-------+----------+-------------------------------------------
     0 | D:1      | Agrostarius the Hill Orc Berserker began the quest for the
                  | Orb.
     0 | D:1      | Reached XP level 1. HP: 19/19 MP: 1/1
   228 | D:1      | Reached XP level 2. HP: 27/27 MP: 2/2
   644 | D:1      | Got a glossy book
  1059 | D:2      | Reached XP level 3. HP: 29/33 MP: 3/3
  1193 | D:2      | Reached ** piety under Trog
  1194 | D:2      | Reached skill level 5 in Axes
  1201 | D:2      | Reached XP level 4. HP: 37/41 MP: 4/4
  1667 | D:3      | Found a hazy altar of Hepliaklqana.
  2038 | D:3      | Noticed Jessica
  2054 | D:3      | Killed Jessica
  2055 | D:3      | Reached XP level 5. HP: 29/47 MP: 5/5
  2169 | D:4      | Found a hide-covered altar of Uskayaw.
  2263 | D:4      | Reached skill level 6 in Axes
  2326 | D:4      | Found an ancient bone altar of Kikubaaqudgha.
  2326 | D:4      | Found a blossoming altar of Fedhas.
  2977 | D:5      | Entered Level 5 of the Dungeon
  3039 | D:5      | Reached XP level 6. HP: 20/55 MP: 6/6
  3318 | D:5      | Reached skill level 5 in Fighting
  3460 | D:5      | Reached skill level 1 in Long Blades
  3470 | D:5      | Noticed a water moccasin
  3494 | D:5      | HP: 2/56 [poisoned by a water moccasin]
  3495 | D:5      | Succumbed to a water moccasin's poison

Illustrated notes

Levels and vault maps discovered:
D:1:      spicycebolla_arrival_clurvy, layout_loops_corners,
          chequers_serial_rivers_micro_a
D:2:      layout_loops_cross
D:3:      layout_basic, lemuel_doored_altar, serial_undead, serial_undead_f,
          serial_undead_b, serial_undead_d, serial_undead_c, uniq_jessica
D:4:      layout_cave_pods, grunt_temple_overflow_growth_and_decay,
          nicolae_uskayaw_dance_hall, nicolae_twisty_statue_hallways
D:5:      layout_gridville, uniq_crazy_yiuf_cottage

Skill      XL: |  1  2  3  4  5  6 |
---------------+-------------------+-----
Fighting       | 4 5 |  5.2
Axes           | 5 6 |  6.6
Dodging        | 2 |  2.7
Armour         | 3 |  3.7
Long Blades    | 1 |  1.1
Throwing       | |  0.1
Stealth        | |  0.9
Shields        | |  0.7

Action                     |  1- 3 |  4- 6 || total
---------------------------+-------+-------++-------
  Melee: Hand axe          |    69 |   152 ||   221
         Punch             |       |     1 ||     1
         Long sword        |       |    52 ||    52
  Throw: Dart              |       |     7 ||     7
 Invoke: Berserk           |       |     3 ||     3
         Trog's Hand       |       |     1 ||     1
   Stab: Sleeping          |       |     1 ||     1
 Armour: Animal skin       |    25 |    23 ||    48
         Leather armour    |       |    92 ||    92
         Chain mail        |       |    48 ||    48
  Dodge: Dodged            |    47 |   137 ||   184
  Block: Other             |       |    34 ||    34

Table legend: (Time is in decaauts)
 A = Elapsed time spent in this place.
 B = Non-inter-level travel time spent in this place.
 C = Inter-level travel time spent in this place.
 D = Time resting spent in this place.
 E = Time spent auto-exploring this place.
 F = Levels seen in this place.
 G = Mean time per level.
                   A        B        C        D        E       F      G
               +--------+--------+--------+--------+--------+-----+--------+
         Total |   3559 |   3559 |      0 |    106 |   2457 |   5 |  711.8 |
       Dungeon |   3559 |   3559 |      0 |    106 |   2457 |   5 |  711.8 |
               +--------+--------+--------+--------+--------+-----+--------+

Top non-repeatable levels by time:
     D:1: 915 daAuts
     D:4: 835 daAuts
     D:3: 699 daAuts
     D:2: 572 daAuts
     D:5: 536 daAuts
